 Dungeon Crawl Stone Soup version 0.22-a0-240-g539252a (webtiles) character file.

32074 wolfsongas the Thaumaturge (level 13, -3/98 HPs)
             Began as a Gnoll Ice Elementalist on Feb 22, 2018.
             Was a High Priest of Cheibriados.
             Slain by a tentacled monstrosity (9 damage)
             ... on level 13 of the Dungeon.
             The game lasted 00:49:03 (15480 turns).

wolfsongas the Thaumaturge (GnIE)                  Turns: 15480, Time: 00:49:04

Health: -3/98      AC: 15    Str: 24    XL:     13   Next: 62%
Magic:  7/26       EV: 18    Int: 33    God:    Cheibriados [*****.]
Gold:   747        SH:  0    Dex: 27    Spells: 19/31 levels left

rFire    + + .     SeeInvis .   c - +3 lajatang
rCold    + . .     Gourm    .   (shield currently unavailable)
rNeg     + . .     Faith    .   y - +0 ring mail
rPois    +         Spirit   .   t - +2 hat {MR+}
rElec    .         Reflect  .   u - scarf {rC+ rF+}
rCorr    .         Harm     .   f - +2 pair of gloves
MR       ++...                  p - +0 pair of boots
Stlth    ++++......             (no amulet)
HPRegen  0.66/turn              F - ring "Susi" {rPois rN+ AC+2}
MPRegen  0.20/turn              I - ring of protection from fire

@: constricted, very slow
A: distributed training, fangs 1, clever 1, magic resistance 1, regeneration 1,
strong nose
a: Bend Time, Temporal Distortion, Slouch, Step From Time, Renounce Religion


You were on level 13 of the Dungeon.
You worshipped Cheibriados.
Cheibriados was extremely pleased with you.
You were not hungry.

You visited 2 branches of the dungeon, and saw 14 of its levels.
You also visited: Sewer and Bailey.

You collected 747 gold pieces.

Inventory:

Hand Weapons
 c - a +3 lajatang (weapon)
Armour
 f - a +2 pair of gloves (worn)
 p - a +0 pair of boots (worn)
 t - a +2 hat of magic resistance (worn)
 u - a scarf of resistance (worn)
 y - a +0 ring mail (worn)
 G - a +0 plate armour
Magical Staves
 i - an uncursed staff of power
Jewellery
 F - the ring "Susi" (left hand) {rPois rN+ AC+2}
   (You found it on level 12 of the Dungeon)

   [ring of protection]

   It affects your AC (+2).
   It protects you from poison.
   It protects you from negative energy.
 I - a ring of protection from fire (right hand)
Wands
 h - a wand of acid (21)
 n - a wand of digging (9)
 x - a wand of disintegration (8)
 C - a wand of flame (85)
Scrolls
 a - 3 scrolls of remove curse
 e - 2 scrolls of teleportation
 j - 3 scrolls of identify
 l - a scroll of blinking
 o - a scroll of magic mapping
 D - a scroll of amnesia
 E - a scroll of enchant armour
Potions
 d - 2 potions of mutation
 v - 3 potions of magic
 w - 2 potions of brilliance
 z - a potion of might
 A - 2 potions of invisibility
 B - a potion of flight
Comestibles
 b - 11 rations


   Skills:
 + Level 8.2 Fighting
 + Level 8.2 Short Blades
 + Level 8.2 Long Blades
 + Level 8.2 Axes
 + Level 8.2 Maces & Flails
 + Level 8.2 Polearms
 + Level 8.2 Staves
 + Level 8.2 Slings
 + Level 8.2 Bows
 + Level 8.2 Crossbows
 + Level 8.2 Throwing
 + Level 8.2 Armour
 + Level 9.4 Dodging
 + Level 9.3 Stealth
 + Level 8.2 Shields
 + Level 8.2 Unarmed Combat
 + Level 9.6 Spellcasting
 + Level 7.2 Conjurations
 + Level 6.8 Hexes
 + Level 6.8 Charms
 + Level 6.8 Summonings
 + Level 6.8 Necromancy
 + Level 6.8 Translocations
 + Level 6.8 Transmutations
 + Level 6.8 Fire Magic
 + Level 8.8 Ice Magic
 + Level 6.8 Air Magic
 + Level 6.8 Earth Magic
 + Level 6.8 Poison Magic
 + Level 9.0 Invocations
 + Level 8.2 Evocations


You had 19 spell levels left.
You knew the following spells:

 Your Spells              Type           Power        Failure   Level  Hunger
a - Freeze                Ice            ####         1%          1    None
b - Throw Frost           Conj/Ice       ######       1%          2    None
c - Summon Ice Beast      Ice/Summ       ######..     1%          4    None
d - Lightning Bolt        Conj/Air       ######....   6%          5    ###....


Dungeon Overview and Level Annotations

Branches:
Dungeon (13/15)            Temple (1/1) D:5            Lair (0/6) D:9
    Orc (0/2) D:9
 Vaults: D:13-14

Altars:
Ashenzari
Cheibriados
Elyvilon
Hepliaklqana
Kikubaaqudgha
Makhleb
Nemelex Xobeh
Okawaru
Qazlal
Ru
Sif Muna
Trog
Uskayaw
Vehumet
Wu Jian
Xom
Yredelemnul
Zin

Shops:
D:4 (   D:7 *   D:10 !


Innate Abilities, Weirdness & Mutations

Your experience applies equally to all skills.
You have very sharp teeth.
Your uncanny sense of smell can sniff out nearby items.
Your mind is acute. (Int +2)
You are resistant to hostile enchantments. (MR+)
Your natural rate of healing is unusually fast.


Message History

The tentacled monstrosity completely misses you.
The tentacled monstrosity tentacle-slaps you but does no damage.
The tentacled monstrosity misses you.
* * * LOW HITPOINT WARNING * * *
The tentacled monstrosity constricts you!
Okay, then.
Okay, then.
You feel better.
The tentacled monstrosity tentacle-slaps you but does no damage.
The tentacled monstrosity tentacle-slaps you.
* * * LOW HITPOINT WARNING * * *
The tentacled monstrosity tentacle-slaps you but does no damage.
* * * LOW HITPOINT WARNING * * *
The tentacled monstrosity constricts you.
Your ice beast barely misses the tentacled monstrosity.
You feel better.
The tentacled monstrosity tentacle-slaps you!
* * * LOW HITPOINT WARNING * * *
The tentacled monstrosity tentacle-slaps you!
You die...

###### #......# #......# ...
#......########...
###########.................
...........................
......###'##.............#
..... #..YX@.............#
.... #....#.............#
..J #....#....>........# ..
..######.............### .
........................
###################.....
#..... #...## ∆ ###.#


You could see a tentacled monstrosity and a friendly ice beast.

Vanquished Creatures
  A hydra (D:12)
  A two-headed ogre (D:8)
  2 ugly things
  A deep elf mage (D:6)
  3 kobold demonologists (D:9)
  A demonic crawler (D:13)
  The ghost of heteroy the Cutter, a novice DEAs of Cheibriados (D:5)
  2 trolls
  2 hippogriffs (D:11)
  2 slime creatures (D:13)
  A vampire (D:12)
  6 yaks
  A hog (D:12)
  A wyvern (D:13)
  The ghost of Et the Sneak, an amateur NaSu (D:3)
  A hungry ghost (D:7)
  2 small abominations (D:13)
  A human (D:12)
  A chaos spawn (D:13)
  2 wargs (D:9)
  A porcupine (D:9)
  6 orc warriors
  An ice beast (D:7)
  2 sky beasts
  A phantom (D:3)
  3 ogres
  2 black bears
  4 centaurs
  2 big kobolds
  10 bullfrogs
  A gnoll sergeant (D:7)
  A water moccasin zombie (D:5)
  5 scorpions
  8 killer bees
  4 wights (D:11)
  2 howler monkeys (D:12)
  2 bullfrog zombies
  3 crimson imps
  A centaur zombie (D:9)
  6 orc priests
  2 bullfrog skeletons
  7 hounds
  9 orc wizards
  A jelly (D:8)
  2 centaur skeletons
  2 iguanas
  Natasha (thrice) (D:2)
  3 worker ants
  2 hound zombies
  2 hound skeletons (D:5)
  2 worker ant zombies (D:5)
  13 gnolls
  A howler monkey skeleton (D:9)
  21 adders
  4 shadow imps
  10 oozes
  2 adder zombies
  2 adder skeletons (D:4)
  2 worms
  3 dart slugs
  18 leopard geckos
  43 orcs
  15 ball pythons
  6 bats
  21 giant cockroaches
  4 goblins
  17 hobgoblins
  18 jackals
  25 kobolds
  4 quokkas
  A ball python skeleton (D:4)
  10 frilled lizards
  A giant cockroach zombie (D:5)
  3 leopard gecko zombies (D:5)
  A quokka skeleton (D:8)
  5 rats
383 creatures vanquished.

Vanquished Creatures (collateral kills)
  Rupert (D:12)
  Gastronok (D:8)
  Erica (D:8)
  3 two-headed ogres
  A tengu warrior (D:13)
  The ghost of wolfsongas the Magician, a novice GnIE of Cheibriados (D:9)
  An ugly thing (D:11)
  A tengu conjurer (D:13)
  A troll (D:11)
  A wyvern (D:12)
  16 yaks
  2 hogs (D:12)
  An orc warrior (Bailey)
  3 porcupines (D:9)
  An ice beast (D:8)
  A phantom (D:8)
  2 crocodiles (D:9)
  3 big kobolds
  2 bullfrogs (D:9)
  A small abomination (D:13)
  2 scorpions
  3 killer bees (D:9)
  A jelly (D:11)
  A hound (D:12)
  4 orc priests
  2 orc wizards
  3 gnolls (Bailey)
  10 orcs
  A hobgoblin (Bailey)
  A jackal (D:9)
  7 kobolds
  A quokka skeleton (D:9)
80 creatures vanquished.

Vanquished Creatures (others)
  A worker ant (D:5)
  A withered plant (D:5)
2 creatures vanquished.

Grand Total: 465 creatures vanquished

Notes
Turn   | Place    | Note
-------+----------+-------------------------------------------
     0 | D:1      | wolfsongas the Gnoll Ice Elementalist began the quest for the Orb.
     0 | D:1      | Reached XP level 1. HP: 13/13 MP: 6/6
   199 | D:1      | Reached XP level 2. HP: 19/19 MP: 7/7
   538 | D:1      | Reached XP level 3. HP: 25/25 MP: 9/9
   810 | D:2      | Reached skill level 5 in Spellcasting
   819 | D:2      | Reached skill level 1 in Invocations
  1063 | D:2      | Noticed Natasha
  1070 | D:2      | Killed Natasha
  1070 | D:2      | Reached skill level 1 in Fighting
  1070 | D:2      | Reached skill level 1 in Short Blades
  1070 | D:2      | Reached skill level 1 in Long Blades
  1070 | D:2      | Reached skill level 1 in Axes
  1070 | D:2      | Reached skill level 1 in Maces & Flails
  1070 | D:2      | Reached skill level 1 in Polearms
  1070 | D:2      | Reached skill level 1 in Staves
  1070 | D:2      | Reached skill level 1 in Slings
  1070 | D:2      | Reached skill level 1 in Bows
  1070 | D:2      | Reached skill level 1 in Crossbows
  1070 | D:2      | Reached skill level 1 in Throwing
  1070 | D:2      | Reached skill level 1 in Armour
  1070 | D:2      | Reached skill level 1 in Shields
  1070 | D:2      | Reached skill level 1 in Unarmed Combat
  1070 | D:2      | Reached skill level 1 in Evocations
  1070 | D:2      | Reached XP level 4. HP: 32/32 MP: 7/11
  1159 | D:2      | Noticed Natasha
  1166 | D:2      | Killed Natasha
  1166 | D:2      | Reached skill level 1 in Hexes
  1166 | D:2      | Reached skill level 1 in Charms
  1166 | D:2      | Reached skill level 1 in Summonings
  1166 | D:2      | Reached skill level 1 in Necromancy
  1166 | D:2      | Reached skill level 1 in Translocations
  1166 | D:2      | Reached skill level 1 in Transmutations
  1166 | D:2      | Reached skill level 1 in Fire Magic
  1166 | D:2      | Reached skill level 1 in Air Magic
  1166 | D:2      | Reached skill level 1 in Earth Magic
  1166 | D:2      | Reached skill level 1 in Poison Magic
  1236 | D:2      | Noticed Natasha
  1257 | D:2      | Killed Natasha
  1257 | D:2      | Reached XP level 5. HP: 30/37 MP: 12/12
  1442 | D:2      | Found a hide-covered altar of Uskayaw.
  1676 | D:2      | Found a bloodstained altar of Trog.
  1791 | D:2      | Learned a level 2 spell: Throw Frost
  1967 | D:3      | Found a glowing drain.
  2000 | D:3      | Gained mutation: Your mind is acute. (Int +2) [potion of mutation]
  2000 | D:3      | Gained mutation: You are resistant to hostile enchantments. (MR+) [potion of mutation]
  2000 | D:3      | Gained mutation: Your system is resistant to poisons. (rPois) [potion of mutation]
  2059 | D:3      | Reached XP level 6. HP: 19/44 MP: 5/13
  2105 | Sewer    | Entered a sewer
  2493 | Sewer    | Reached skill level 5 in Dodging
  2762 | Sewer    | Reached XP level 7. HP: 45/50 MP: 4/15
  3184 | D:3      | Noticed Et's ghost (amateur NaSu)
  3193 | D:3      | Killed Et's ghost
  3524 | D:3      | Reached skill level 5 in Stealth
  3755 | D:4      | Found a hazy altar of Hepliaklqana.
  3999 | D:4      | Found Wizay's Antique Weapon Shop.
  4127 | D:4      | Reached XP level 8. HP: 57/57 MP: 16/16
  4463 | D:5      | Entered Level 5 of the Dungeon
  5094 | D:5      | Found an ornate altar of the Wu Jian Council.
  5241 | D:5      | Noticed heteroy's ghost (novice DEAs)
  5306 | D:5      | Killed heteroy's ghost
  5934 | D:5      | Found a staircase to the Ecumenical Temple.
  5944 | Temple   | Entered the Ecumenical Temple
  6014 | Temple   | Became a worshipper of Cheibriados the Contemplative
  6124 | D:6      | Reached XP level 9. HP: 61/65 MP: 16/18
  6402 | D:6      | Noticed a deep elf mage
  6430 | D:6      | Killed a deep elf mage
  7248 | D:7      | Found Sishrob's Assorted Antiques.
  7255 | D:7      | Reached * piety under Cheibriados
  7334 | D:7      | Found a white marble altar of Elyvilon.
  7654 | D:7      | Reached skill level 5 in Invocations
  7774 | D:7      | Found a sacrificial altar of Ru.
  7780 | D:7      | Found a shimmering altar of Xom.
  7782 | D:7      | Found a burning altar of Makhleb.
  7784 | D:7      | Found a stormy altar of Qazlal.
  8270 | D:8      | Reached XP level 10. HP: 73/73 MP: 11/20
  8287 | D:8      | Found a flagged portal.
  8312 | Bailey   | Entered a bailey
  8352 | Bailey   | Reached ** piety under Cheibriados
  8743 | Bailey   | Learned a level 4 spell: Summon Ice Beast
  8990 | Bailey   | Reached skill level 5 in Conjurations
  8990 | Bailey   | Reached skill level 5 in Hexes
  8990 | Bailey   | Reached skill level 5 in Charms
  8990 | Bailey   | Reached skill level 5 in Summonings
  8990 | Bailey   | Reached skill level 5 in Necromancy
  8990 | Bailey   | Reached skill level 5 in Translocations
  8990 | Bailey   | Reached skill level 5 in Transmutations
  8990 | Bailey   | Reached skill level 5 in Fire Magic
  8990 | Bailey   | Reached skill level 5 in Air Magic
  8990 | Bailey   | Reached skill level 5 in Earth Magic
  8990 | Bailey   | Reached skill level 5 in Poison Magic
  8990 | Bailey   | Reached XP level 11. HP: 68/81 MP: 17/23
  9088 | Bailey   | Lost mutation: Your mind is acute. (Int +2) [potion of mutation]
  9088 | Bailey   | Lost mutation: You are resistant to hostile enchantments. (MR+) [potion of mutation]
  9088 | Bailey   | Lost mutation: Your system is resistant to poisons. (rPois) [potion of mutation]
  9088 | Bailey   | Gained mutation: You have sharp toenails. [potion of mutation]
  9088 | Bailey   | Gained mutation: You have razor-sharp toenails. [potion of mutation]
  9088 | Bailey   | Gained mutation: You evolve. [potion of mutation]
  9089 | Bailey   | Lost mutation: You evolve. [potion of mutation]
  9089 | Bailey   | Lost mutation: You have razor-sharp toenails. [potion of mutation]
  9089 | Bailey   | Gained mutation: Your flesh is cold resistant. (rC+) [potion of mutation]
  9089 | Bailey   | Gained mutation: Scrolls take you a little longer to read. [potion of mutation]
  9089 | Bailey   | Gained mutation: You are covered in fur. (AC +1) [potion of mutation]
  9089 | Bailey   | Gained mutation: You are agile. (Dex +2) [potion of mutation]
  9090 | Bailey   | Lost mutation: Scrolls take you a little longer to read. [potion of mutation]
  9090 | Bailey   | Lost mutation: You are agile. (Dex +2) [potion of mutation]
  9090 | Bailey   | Lost mutation: Your flesh is cold resistant. (rC+) [potion of mutation]
  9090 | Bailey   | Gained mutation: Your muscles are strong. (Str +2) [potion of mutation]
  9090 | Bailey   | Lost mutation: You are covered in fur. (AC +1) [potion of mutation]
  9090 | Bailey   | Gained mutation: Your body sometimes deteriorates upon taking damage. [potion of mutation]
  9090 | Bailey   | Gained mutation: You are partially covered in thin metallic scales. (AC +2) [potion of mutation]
  9091 | Bailey   | Lost mutation: Your muscles are strong. (Str +2) [potion of mutation]
  9091 | Bailey   | Lost mutation: Your body sometimes deteriorates upon taking damage. [potion of mutation]
  9091 | Bailey   | Lost mutation: You have sharp toenails. [potion of mutation]
  9091 | Bailey   | Lost mutation: You are partially covered in thin metallic scales. (AC +2) [potion of mutation]
  9091 | Bailey   | Gained mutation: You are agile. (Dex +2) [potion of mutation]
  9091 | Bailey   | Gained mutation: Your body sometimes deteriorates upon taking damage. [potion of mutation]
  9091 | Bailey   | Gained mutation: Your natural rate of healing is unusually fast. [potion of mutation]
  9092 | Bailey   | Lost mutation: Your body sometimes deteriorates upon taking damage. [potion of mutation]
  9092 | Bailey   | Lost mutation: You are agile. (Dex +2) [potion of mutation]
  9092 | Bailey   | Gained mutation: Your mind is acute. (Int +2) [potion of mutation]
  9092 | Bailey   | Gained mutation: You are resistant to hostile enchantments. (MR+) [potion of mutation]
  9118 | D:8      | Reached *** piety under Cheibriados
  9284 | D:8      | Noticed Erica
  9294 | D:8      | Killed Erica
  9472 | D:8      | Noticed a two-headed ogre
  9490 | D:8      | Killed a two-headed ogre
  9575 | D:8      | Noticed Gastronok
  9592 | D:8      | Killed Gastronok
  9691 | D:8      | Got a thick robe
  9702 | D:8      | Identified the cursed +0 robe of the Twelve Mice {rF+ rC+ Int+2} (You found it on level 8 of the Dungeon)
  9711 | D:8      | Noticed a two-headed ogre
  9732 | D:8      | Killed a two-headed ogre
 10427 | D:9      | Found a staircase to the Lair.
 10428 | D:9      | Noticed wolfsongas's ghost (novice GnIE)
 10569 | D:9      | Killed wolfsongas's ghost
 10668 | D:9      | Reached **** piety under Cheibriados
 10763 | D:9      | Found a staircase to the Orcish Mines.
 10884 | D:9      | Reached ***** piety under Cheibriados
 11308 | D:9      | Reached XP level 12. HP: 85/89 MP: 10/24
 11491 | D:10     | Entered Level 10 of the Dungeon
 11491 | D:10     | Found Qutt's Distillery.
 11654 | D:10     | Learned a level 5 spell: Lightning Bolt
 11726 | D:10     | Reached XP level 13. HP: 96/96 MP: 21/26
 13663 | D:12     | Reached ****** piety under Cheibriados
 14165 | D:12     | Noticed Rupert
 14179 | D:12     | Killed Rupert
 14255 | D:12     | Got a shimmering tin ring
 14257 | D:12     | Identified the ring "Susi" {rPois rN+ AC+2} (You found it on level 12 of the Dungeon)
 14862 | D:13     | Found a runed door.
 14969 | D:13     | Noticed a tentacled monstrosity
 14971 | D:13     | Noticed a purple very ugly thing
 15480 | D:13     | Slain by a tentacled monstrosity

Vault maps used:
D:1:      dpeg_arrival_triangle_fractal, hangedman_decor_riveting,
          amethyst_killhole
D:2:      bloody_trog, lemuel_doored_altar, uniq_natasha
D:3:      gup_sewer_entry_glass
D:4:      overflow_temple_1_default, serial_shops, shop
D:5:      kennysheep_mini, lemuel_temple_firewalk_b, serial_undead,
          serial_undead_c, serial_undead_a, serial_undead_d, serial_undead_b,
          serial_undead_c, serial_undead_a, first_ration
D:6:      grunt_decor_one_mirror, guppyfry_early_elven_hall
D:7:      lemuel_round_altar, minitemple, serial_shops, shop
D:8:      enter_bailey_2, uniq_erica, uniq_gastronok
D:9:      minmay_lair_entry_grove, david_orc_3
D:10:     serial_shops, shop
D:12:     grunt_livestock, uniq_rupert
D:13:     cheibrodos_body_horror, kennysheep_generic_room_16
Temple:   oiseaux_autumnal_temple
Sewer:    sewer_frog_island_02
Bailey:   bailey_axe_2, bailey

Skill      XL: |  1  2  3  4  5  6  7  8  9 10 11 12 13 |
---------------+----------------------------------------+-----
Conjurations   | 2 3 4 5 6 7 |  7.2
Spellcasting   | 5 6 8 9 |  9.6
Invocations    | 1 2 3 4 5 6 7 8 9 |  9.0
Fighting       | 1 2 3 4 6 7 8 |  8.2
Short Blades   | 1 2 3 4 6 7 8 |  8.2
Long Blades    | 1 2 3 4 6 7 8 |  8.2
Axes           | 1 2 3 4 6 7 8 |  8.2
Maces & Flails | 1 2 3 4 6 7 8 |  8.2
Polearms       | 1 2 3 4 6 7 8 |  8.2
Staves         | 1 2 3 4 6 7 8 |  8.2
Slings         | 1 2 3 4 6 7 8 |  8.2
Bows           | 1 2 3 4 6 7 8 |  8.2
Crossbows      | 1 2 3 4 6 7 8 |  8.2
Throwing       | 1 2 3 4 6 7 8 |  8.2
Armour         | 1 2 3 4 6 7 8 |  8.2
Shields        | 1 2 3 4 6 7 8 |  8.2
Unarmed Combat | 1 2 3 4 6 7 8 |  8.2
Evocations     | 1 2 3 4 6 7 8 |  8.2
Hexes          | 1 2 3 5 6 |  6.8
Charms         | 1 2 3 5 6 |  6.8
Summonings     | 1 2 3 5 6 |  6.8
Necromancy     | 1 2 3 5 6 |  6.8
Translocations | 1 2 3 5 6 |  6.8
Transmutations | 1 2 3 5 6 |  6.8
Fire Magic     | 1 2 3 5 6 |  6.8
Air Magic      | 1 2 3 5 6 |  6.8
Earth Magic    | 1 2 3 5 6 |  6.8
Poison Magic   | 1 2 3 5 6 |  6.8
Dodging        | 5 6 7 8 9 |  9.4
Stealth        | 5 6 7 8 9 |  9.3
Ice Magic      | 6 7 8 |  8.8

Action                   |  1- 3 |  4- 6 |  7- 9 | 10-12 | 13-15 || total
-------------------------+-------+-------+-------+-------+-------++-------
Melee: Club              |     3 |       |       |       |       ||     3
       Unarmed           |     1 |       |       |       |       ||     1
       Short sword       |    20 |    19 |       |       |       ||    39
       Bite              |     1 |     6 |    51 |    29 |    43 ||   130
       Dagger            |       |   174 |   360 |       |       ||   534
       Punch             |       |     1 |     9 |     1 |       ||    11
       Spear             |       |       |    60 |   120 |       ||   180
       Staff             |       |       |    49 |       |       ||    49
       Lajatang          |       |       |       |   129 |   176 ||   305
 Cast: Freeze            |    25 |   105 |   105 |    10 |       ||   245
       Throw Frost       |       |     8 |   122 |    37 |       ||   167
       Summon Ice Beast  |       |       |       |    52 |    53 ||   105
       Lightning Bolt    |       |       |       |     1 |    24 ||    25
Invok: Slouch            |       |       |       |       |     5 ||     5
       Step From Time    |       |       |       |       |     1 ||     1
  Use: Potion            |       |     4 |     3 |    10 |     4 ||    21
       Scroll            |       |     8 |     7 |     8 |     7 ||    30
 Stab: Sleeping          |     5 |     2 |     7 |     8 |     8 ||    30
       Distracted        |       |       |     1 |     2 |     3 ||     6
  Eat: Chunk             |       |     3 |     7 |     1 |     2 ||    13
       Ration            |       |     1 |     7 |     1 |     2 ||    11
Armor: Robe              |     2 |       |       |    23 |       ||    25
       Ring mail         |    13 |    88 |   177 |    21 |    74 ||   373
Dodge: Dodged            |    20 |   175 |   324 |   241 |   225 ||   985
Block: Shield            |       |       |    29 |    44 |       ||    73

Table legend:
 A = Spawn XP
 B = Non-spawn XP
 C = Spawn XP percentage of total XP
 D = Spawn monster count
 E = Non-spawn monster count
 F = Spawn count percentage of total count
 G = Total turns spent on level
                    A         B        C        D         E        F      G
               +---------+---------+-------+---------+---------+-------+---------
         Total |       0 |   26875 |   0.0 |       0 |     463 |   0.0 | 15480
               +---------+---------+-------+---------+---------+-------+---------
           D:1 |       0 |      37 |   0.0 |       0 |      17 |   0.0 |   807
           D:2 |       0 |     251 |   0.0 |       0 |      36 |   0.0 |  1114
           D:3 |       0 |     530 |   0.0 |       0 |      28 |   0.0 |   843
           D:4 |       0 |     212 |   0.0 |       0 |      19 |   0.0 |  1004
           D:5 |       0 |    1019 |   0.0 |       0 |      38 |   0.0 |  1382
           D:6 |       0 |    1024 |   0.0 |       0 |      16 |   0.0 |   889
           D:7 |       0 |    1138 |   0.0 |       0 |      19 |   0.0 |  1170
           D:8 |       0 |    4052 |   0.0 |       0 |      29 |   0.0 |  1585
           D:9 |       0 |    4778 |   0.0 |       0 |      60 |   0.0 |   968
          D:10 |       0 |     457 |   0.0 |       0 |      12 |   0.0 |   722
          D:11 |       0 |    2950 |   0.0 |       0 |      41 |   0.0 |  1211
          D:12 |       0 |    4850 |   0.0 |       0 |      26 |   0.0 |  1291
          D:13 |       0 |    5041 |   0.0 |       0 |      30 |   0.0 |   765
         Sewer |       0 |     269 |   0.0 |       0 |      58 |   0.0 |   830
        Bailey |       0 |     267 |   0.0 |       0 |      34 |   0.0 |   785
               +---------+---------+-------+---------+---------+-------+---------
